 Dungeon Crawl Stone Soup version 0.18-b1-16-g289874d (webtiles) character file.

406 otab the Cudgeler (level 6, 0/66 HPs)
             Began as an Ogre Berserker on May 1, 2016.
             Was a Priest of Trog.
             Slain by an ogre
             ... wielding a +0 giant club
              (12 damage)
             ... on level 4 of the Dungeon.
             The game lasted 00:03:49 (4194 turns).

otab the Cudgeler (Ogre Berserker)                  Turns: 4194, Time: 00:03:50

Health: 0/66       AC:  2    Str: 22 (23) XL:     6   Next: 87%
Magic:  6/6        EV: 11    Int:  5 (6)  God:    Trog [***...]
Gold:   117        SH:  0    Dex:  9 (11) Spells: 0 memorised, 5 levels left

rFire  . . .     SeeInvis .     p - +3 whip (elec)
rCold  . . .     Gourm    .     b - +0 animal skin
rNeg   . . .     Faith    .     (no shield)
rPois  .         Spirit   .     (helmet restricted)
rElec  .         Dismiss  .     r - +1 cloak
rCorr  .         Reflect  .     (gloves unavailable)
SustAt .         Harm     .     (boots unavailable)
MR     ++...                    (no amulet)
Stlth  +.........               (no ring)
                                s - -3 ring of protection (curse)

@: exhausted, regenerating, slowed, very slow, very resistant to hostile
enchantments, very unstealthy
A: unfitting armour, tough skin 1
a: Berserk, Trog's Hand, Burn Spellbooks, Renounce Religion


You were on level 4 of the Dungeon.
You worshipped Trog.
Trog was most pleased with you.
You were not hungry.

You visited 1 branch of the dungeon, and saw 4 of its levels.

You collected 117 gold pieces.

Inventory:

Hand Weapons
 a - a +0 mace
 p - a +3 whip of electrocution (weapon)
Armour
 b - a +0 animal skin (worn)
 r - a +1 cloak (worn)
Jewellery
 s - a cursed -3 ring of protection (left hand)
Wands
 e - a wand of iceblast (4/15)
Scrolls
 f - a scroll of identify
 h - a scroll of immolation
 i - 2 scrolls of teleportation
Potions
 g - a potion of berserk rage
 j - a potion of degeneration
 m - 2 potions of curing {unknown}
 o - 2 potions of lignification {unknown}
 q - a potion of beneficial mutation {unknown}
Comestibles
 c - a bread ration
 d - a chunk of flesh
 k - 4 meat rations
 l - a beef jerky


   Skills:
 + Level 5.3 Fighting
 * Level 6.8 Maces & Flails
 + Level 5.0 Dodging


You had 5 spell levels left.
You didn't know any spells.

Dungeon Overview and Level Annotations

Branches:
Dungeon (4/15)
 Temple: D:4-7

Altars:
Ashenzari
Elyvilon
Kikubaaqudgha
Yredelemnul
The Shining One


Innate Abilities, Weirdness & Mutations

You are too large for most types of armour.
You have tough skin (AC +1).


Message History

You are too injured to fight recklessly!
You are too injured to fight recklessly!
You whack the ogre!
The ogre is severely wounded.
Unknown command.
Unknown command.
You feel a strong urge to attack something.
Unknown command.
Unknown command.
Unknown command.
Unknown command.
You feel your anger subside.
You are no longer berserk.
You are exhausted.
You feel yourself slow down.
Drink which item? (? for menu, Esc to quit)
It was a potion of degeneration.
There was something very wrong with that liquid.
You feel weakened.
You feel dopey.
You feel clumsy. The ogre hits you with a giant club!
You die...

,,,,,.......................#
,,,,,..............#........#
,,,,,..............+........#
,,,,,..............#..###'###
*****##########....#####....#
,,,,,,,,,,,,,,#....# #.$...#
,,,>,,,,,,,,,,#....# #.....#
,,,***,****+###....# ##....#
,,,***,***,,#...@### ######
,,,,+,,,,,,,#...O#
,,,,*,,,,,,,#(o..#
,****,,######(...## ********
+****,,#....(.....# *,,∩,,,*
,,,,,,,#..........# *,,,,,,*
,,,,,,,#.....(....# *,,,,,,*
,,,,,,,#..........# *,,,,,,*
+**+***#..........#****,,,,,,*


You could see an ogre and an orc.

Vanquished Creatures
  The ghost of simples the Magician, an amateur DEFE (D:3)
  A phantom (D:3)
  Crazy Yiuf (D:2)
  Terence (D:3)
  Natasha (D:4)
  A worker ant (D:4)
  2 adders (D:2)
  2 oozes
  4 worms
  A giant gecko (D:1)
  4 orcs (D:3)
  7 giant cockroaches
  6 goblins
  5 hobgoblins
  2 quokkas
  7 ball pythons (D:2)
  12 bats
  8 giant newts
  10 kobolds
  5 rats
81 creatures vanquished.

Vanquished Creatures (others)
  A rat (D:2)
  A fungus (D:2)
2 creatures vanquished.

Grand Total: 83 creatures vanquished

Notes
Turn   | Place    | Note
--------------------------------------------------------------
     0 | D:1      | otab the Ogre Berserker began the quest for the Orb.
     0 | D:1      | Reached XP level 1. HP: 24/24 MP: 1/1
   302 | D:1      | Reached XP level 2. HP: 32/32 MP: 2/2
   865 | D:1      | Reached ** piety under Trog
  1209 | D:1      | Reached XP level 3. HP: 30/40 MP: 3/3
  1986 | D:2      | Found a shattered altar of Ashenzari.
  2439 | D:2      | Reached XP level 4. HP: 42/49 MP: 4/4
  2440 | D:2      | Reached skill level 5 in Maces & Flails
  2972 | D:2      | Found a white marble altar of Elyvilon.
  3006 | D:2      | Noticed Crazy Yiuf
  3014 | D:2      | Killed Crazy Yiuf
  3312 | D:3      | Noticed a phantom
  3331 | D:3      | Killed a phantom
  3331 | D:3      | Reached skill level 5 in Fighting
  3331 | D:3      | Reached XP level 5. HP: 49/57 MP: 5/5
  3439 | D:3      | Found a basalt altar of Yredelemnul.
  3464 | D:3      | Noticed simples's ghost (amateur DEFE)
  3474 | D:3      | Killed simples's ghost
  3474 | D:3      | Reached *** piety under Trog
  3474 | D:3      | Reached skill level 6 in Maces & Flails
  3474 | D:3      | Reached XP level 6. HP: 53/66 MP: 6/6
  3793 | D:3      | Found a glowing golden altar of the Shining One.
  3882 | D:3      | Found an ancient bone altar of Kikubaaqudgha.
  4015 | D:3      | Noticed Terence
  4019 | D:3      | Killed Terence
  4123 | D:4      | Noticed Natasha
  4129 | D:4      | Killed Natasha
  4154 | D:4      | Reached skill level 5 in Dodging
  4194 | D:4      | Slain by an ogre

Skill      XL: |  1  2  3  4  5  6 |
---------------+-------------------+-----
Dodging        | 3 4 5 |  5.0
Maces & Flails | 5 6 |  6.8
Fighting       | 5 |  5.3

Action                   |  1- 3 |  4- 6 || total
-------------------------+-------+-------++-------
Melee: Mace              |   141 |    17 ||   158
       Whip              |       |   115 ||   115
Invok: Berserk           |     1 |     3 ||     4
       Trog's Hand       |       |     1 ||     1
  Use: Scroll            |       |     6 ||     6
       Potion            |       |     1 ||     1
 Stab: Sleeping          |       |     1 ||     1
  Eat: Bread ration      |     1 |     2 ||     3
       Chunk             |       |     5 ||     5
Armor: Animal skin       |    51 |    32 ||    83
Dodge: Dodged            |    99 |    79 ||   178
